 Dungeon Crawl Stone Soup version 0.28.0-47-ge53b351184 (webtiles) character file.

Game seed: 7878319997545668787

37 RatsInWalls the Sneak (level 3, 0/26 HPs)
             Began as a Demonspawn Wanderer on May 9, 2022.
             Slain by an orc
             ... wielding a +0 flail
              (7 damage)
             ... on level 2 of the Dungeon.
             The game lasted 00:07:49 (1505 turns).

RatsInWalls the Sneak (Demonspawn Wanderer)         Turns: 1505, Time: 00:07:50

Health: 0/26       AC:  3    Str: 12    XL:     3   Next: 23%
Magic:  5/5        EV: 11    Int: 16    God:
Gold:   64         SH:  0    Dex: 13    Spells: 3/4 levels left

rFire   . . .      SeeInvis .   a - +2 dagger
rCold   . . .      Faith    .   (no shield)
rNeg    . . .      Spirit   .   f - +0 leather armour
rPois   .          Reflect  .   (no helmet)
rElec   .          Harm     .   (no cloak)
rCorr   .          Rampage  .   (no gloves)
Will    .....                   (no boots)
Stlth   ++........              (no amulet)
HPRegen 0.08/turn               j - ring of flight
MPRegen 0.09/turn               (no ring)

@: flying
A: foul stench 1, big brain 1
a: no special abilities


You were on level 2 of the Dungeon.
You visited 1 branch of the dungeon, and saw 2 of its levels.

You collected 64 gold pieces.

Inventory:

Hand Weapons
 a - a +2 dagger (weapon)
Missiles
 e - 63 stones (quivered)
Armour
 d - +0 ice dragon scales
 f - a +0 leather armour (worn)
Jewellery
 j - a ring of flight (left hand)
Scrolls
 g - 2 scrolls of identify {unknown}
 h - a scroll of blinking {unknown}
Potions
 b - a potion of heal wounds
 c - 2 potions of lignification
 i - 2 potions of flight {unknown}


   Skills:
 + Level 1.4 Fighting
 * Level 1.1 Armour
 + Level 1.4 Dodging
 + Level 4.7 Stealth
 + Level 1.3 Spellcasting
 - Level 2.0 Translocations


You had 3 spell levels left.
You knew the following spells:

 Your Spells              Type           Power      Damage    Failure   Level
a - Apportation           Tloc           14%        N/A       12%         1

Your spell library contained the following spells:

 Spells                   Type           Power      Damage    Failure   Level
 Teleport Other           Tloc           7%         N/A       36%         3


Dungeon Overview and Level Annotations

Branches:
Dungeon (2/15)

Altars:


Innate Abilities, Weirdness & Mutations

You may rarely emit foul miasma when damaged in melee.
You have an unusually large brain. (Int +2)


Message History

The orc is almost dead.
The orc closely misses you.
You hit the orc.
You kill the orc!
You barely miss the rat. The rat closely misses you.
You barely miss the rat. The rat bites you but does no damage.
You hit the rat.
You kill the rat!
Things that are here:
a +0 flail; a +0 ring mail You now have 64 gold pieces (gained 12).
Items here: )) [ †.
c - 2 potions of lignification (gained 1)
You start resting.
A goblin is nearby!
The goblin hits you but does no damage.
You barely miss the goblin. The goblin closely misses you.
You hit the goblin.
The goblin is heavily wounded.
The goblin barely misses you.
You completely miss the goblin.
The goblin is heavily wounded.
The goblin hits you but does no damage.
You hit the goblin.
You kill the goblin!
You see here a +0 dagger.
You start resting.
An orc comes into view. It is wielding a +0 flail.
You start resting.
An orc is nearby!
You see here a +0 dagger.
The orc hits you with a +0 flail!
You hit the orc but do no damage. The orc barely misses you.
You hit the orc but do no damage. The orc hits you with a +0 flail!
* * * LOW HITPOINT WARNING * * *
You are too injured to fight recklessly!
You are too injured to fight recklessly!
You closely miss the orc. The orc completely misses you.
You hit the orc but do no damage. The orc hits you with a +0 flail!
You die...

####### #####
##.....##.....
##.............
#...<..........
#......@.......
#.......o......
#.)#######.....
#....[.)^# ....
#..#####.# ...
##.....#.# ..
##....#.# .
######.# #..#
#.## #####..


You could see an orc.

Vanquished Creatures
  An adder (D:2)
  3 orcs (D:2)
  2 ball pythons
  3 bats (D:1)
  An endoplasm (D:2)
  A giant cockroach (D:1)
  3 goblins
  3 hobgoblins (D:1)
  3 frilled lizards
  5 rats
25 creatures vanquished.

Notes
Turn   | Place    | Note
-------+----------+-------------------------------------------
     0 | D:1      | RatsInWalls the Demonspawn Wanderer began the quest for the
                  | Orb.
     0 | D:1      | RatsInWalls set off with the following items: a +2 dagger,
                  | a potion of heal wounds, a potion of lignification, a +0
                  | robe; and the following spell memorised: Apportation; and
                  | the following spells available to memorise: Teleport Other
     0 | D:1      | Reached XP level 1. HP: 15/15 MP: 2/2
   430 | D:1      | Gained mutation: You have an unusually large brain. (Int
                  | +2) [demonic ancestry]
   430 | D:1      | Reached XP level 2. HP: 18/21 MP: 3/3
  1332 | D:2      | Reached skill level 1 in Armour
  1332 | D:2      | Gained mutation: You may rarely emit foul miasma when
                  | damaged in melee. [demonic ancestry]
  1332 | D:2      | Reached XP level 3. HP: 26/26 MP: 4/4
  1505 | D:2      | Slain by an orc

Illustrated notes

Levels and vault maps discovered:
D:1:      nicolae_arrival_memento_mori, layout_basic, kennysheep_boxes
D:2:      cheibrodos_old_hovel, layout_rooms, corner_web_ring, uniq_sigmund,
          uniq_jessica

Skill      XL: |  1  2 |
---------------+-------+-----
Translocations | 2 |  2.0
Armour         | 1 |  1.1
Fighting       | |  1.4
Dodging        | |  1.4
Stealth        | |  4.7
Spellcasting   | |  1.3

Action                   || total
-------------------------++-------
Melee: Dagger            ||    82
       Punch             ||     1
Throw: Stone             ||     1
 Cast: Apportation       ||     2
 Stab: Sleeping          ||     6
Armor: Leather armour    ||    20
Dodge: Dodged            ||    44
